 Seeded DCSS version 0.31-a0-1074-g0b22e4e0f1 (webtiles) character file.

Game seed: 9698261311993447001 (custom seed)

836 croobank the Poker (level 7, 0/84 HPs)
             Began as a Gnoll Reaver on Nov 26, 2023.
             Killed from afar by Ijyb (11 damage)
             ... with a bolt of acid
             ... on level 4 of the Dungeon.
             The game lasted 00:07:19 (2830 turns).

croobank the Poker (Gnoll Reaver)                   Turns: 2830, Time: 00:07:19

Health: 0/84       AC: 26    Str: 14    XL:     7   Next: 99%
Magic:  15/15      EV:  2    Int: 12    God:
Gold:   54         SH:  0    Dex: 10    Spells: 15/17 levels left

rFire   + . .        n - +8 lance "Wyrmbane" {slay drac, rPois rF+ rC+ AC+3}
rCold   + . .        (no shield)
rNeg    . . .        b - melded +0 leather armour
rPois   +            (helmet currently unavailable)
rElec   .            (cloak currently unavailable)
rCorr   .            (gloves currently unavailable)
SInv    .            (boots currently unavailable)
Will    .....        (no amulet)
Stlth   ++           (no ring)
HPRegen 0.34/turn    (no ring)
MPRegen 0.14/turn

%: no passive effects
@: tree-form, hasted, invisible, very quick
A: stationary, stasis, torment immunity, boosted hp, (fangs 1), strong nose,
distributed training
a: no special abilities


You were on level 4 of the Dungeon.
You were a tree.
You visited 1 branch of the dungeon, and saw 4 of its levels.

You collected 110 gold pieces.
You spent 56 gold pieces at shops.

Inventory:

Hand Weapons
 a - a +0 spear
 d - a +0 short sword of holy wrath
 n - the +8 lance "Wyrmbane" (weapon) {slay drac, rPois rF+ rC+ AC+3}
   (You found it on level 3 of the Dungeon)

   AC+3:      It affects your AC (+3).
   rF+:       It protects you from fire.
   rC+:       It protects you from cold.
   rPois:     It protects you from poison
Missiles
 c - 5 javelins (quivered)
 l - 6 poisoned darts
Armour
 b - a +0 leather armour (melded)
 f - a +0 cloak of willpower
 o - a +0 robe of fire resistance
Talismans
 i - a beast talisman (active)
Scrolls
 k - a scroll of poison {unknown}
 q - a scroll of revelation {unknown}
 r - a scroll of teleportation {unknown}
Potions
 e - a potion of enlightenment
 g - a potion of magic
 h - 2 potions of curing


   Skills:
 + Level 5.4 Fighting
 + Level 2.9 Short Blades
 + Level 2.9 Long Blades
 + Level 2.9 Axes
 + Level 2.9 Maces & Flails
 + Level 7.2 Polearms
 + Level 2.9 Staves
 + Level 2.9 Ranged Weapons
 + Level 2.9 Throwing
 + Level 2.9 Armour
 + Level 5.4 Dodging
 + Level 2.9 Stealth
 + Level 2.9 Shields
 + Level 2.9 Unarmed Combat
 + Level 5.8 Spellcasting
 + Level 6.0 Conjurations
 + Level 2.3 Hexes
 + Level 2.3 Summonings
 + Level 2.3 Necromancy
 + Level 2.3 Translocations
 + Level 2.3 Transmutations
 + Level 2.3 Fire Magic
 + Level 2.3 Ice Magic
 + Level 2.3 Air Magic
 + Level 2.3 Earth Magic
 + Level 2.3 Poison Magic
 + Level 3.2 Invocations
 + Level 2.9 Evocations
 + Level 2.6 Shapeshifting


You had 15 spell levels left.
You knew the following spells:

 Your Spells              Type           Power      Damage    Failure   Level
a - Kiss of Death         Conj/Necr      52%        2d9       3%          1
b - Slow                  Hex            36%        N/A       7%          1

Your spell library contained the following spells:

 Spells                   Type           Power      Damage    Failure   Level
 Momentum Strike          Conj/Tloc      26%        3d8       4%          2
 Hailstorm                Conj/Ice       13%        3d5       10%         3
 Blink                    Tloc           18%        N/A       11%         2
 Lesser Beckoning         Tloc           18%        N/A       11%         2
 Confusing Touch          Hex            9%         N/A       22%         3
 Ozocubu's Armour         Ice            9%         N/A       22%         3
 Sigil of Binding         Hex            9%         N/A       22%         3
 Vampiric Draining        Necr           9%         2d6       22%         3
 Metabolic Englaciation   Hex/Ice        4%         N/A       89%         5
 Simulacrum               Ice/Necr       4%         N/A       100%        6


Dungeon Overview and Level Annotations

Branches:
Dungeon (4/15)
 Temple: D:4-7

Altars:
Zin

Shops:
D:2 ?

Annotations:
D:3 3 runed translucent doors, pigah's ghost, novice OpSh; wildpjah's ghost, weakling HOFi
D:4 Ijyb


Innate Abilities, Weirdness & Mutations

You are a tree.
Your roots penetrate the ground, keeping you stationary.
You cannot be teleported.
You are immune to unholy pain and torment.
Your maximum health is greatly increased.
Your equipment is partially melded.
((You have very sharp teeth.))
Your uncanny sense of smell can sniff out nearby items.
Your experience applies equally to all skills.


Message History

Your Shapeshifting skill increases to level 2!
You have reached level 7!
Unknown command.
Reach: n) +8 lance "Wyrmbane" {slay drac, rPois rF+ rC+ AC+3}
Press: ? - help, Dir - move target, f - adder
Aim: an adder (black smoke, unable to see you, about 42% to evade the +8 lance "Wyrmbane")
You puncture the adder!
The adder is almost dead.
The adder bites you but does no damage.
Reach: n) +8 lance "Wyrmbane" {slay drac, rPois rF+ rC+ AC+3}
Press: ? - help, Dir - move target, f/p - adder
Aim: an adder (almost dead, unable to see you, about 42% to evade the +8 lance "Wyrmbane")
You strike the helpless adder from behind!
You puncture the adder!
You kill the adder!
Reach: n) +8 lance "Wyrmbane" {slay drac, rPois rF+ rC+ AC+3}
Press: ? - help, Dir - move target, f - Ijyb
Aim: Ijyb, wielding a +0 dagger, wearing a +0 leather armour and carrying a wand of acid (unable to see you, about 34% to evade the +8 lance "Wyrmbane")
You reach to attack!
You barely miss Ijyb.
Throw: 6 javelins
Press: ? - help, Q - select action, (/) - cycle Shift-Dir - straight line, f/p - Ijyb
Aim: Ijyb, wielding a +0 dagger, wearing a +0 leather armour and carrying a wand of acid (unable to see you, 47% to hit)
You throw a javelin.
The javelin pierces through Ijyb but does no damage.
Reach: n) +8 lance "Wyrmbane" {slay drac, rPois rF+ rC+ AC+3}
Press: ? - help, Dir - move target, f/p - Ijyb
Aim: Ijyb, wielding a +0 dagger, wearing a +0 leather armour and carrying a wand of acid (unable to see you, about 34% to evade the +8 lance "Wyrmbane")
You reach to attack!
You hit Ijyb.
Ijyb is lightly wounded.
Reach: n) +8 lance "Wyrmbane" {slay drac, rPois rF+ rC+ AC+3}
Press: ? - help, Dir - move target, f/p - Ijyb
Aim: Ijyb, wielding a +0 dagger, wearing a +0 leather armour and carrying a wand of acid (lightly wounded, unable to see you, about 34% to evade the +8 lance "Wyrmbane")
You reach to attack!
You hit Ijyb but do no damage.
Ijyb is lightly wounded.
You hit Ijyb.
Ijyb is lightly wounded.
You closely miss Ijyb.
Ijyb is lightly wounded.
Ijyb zaps a wand.
The bolt of acid hits you!
You die...

#....####
#.......................
#.......................
#.......................
#.......................
#.......................
#...>...................
................†§).....
#...............♣.......
#......(........g.......
#.......................
#.......................
#.......................
#.......................
#..........)............
#..................(....
#.......................


You could see Ijyb (unable to see you).

Vanquished Creatures
  Pikel (D:4)
  An ice beast (D:4)
  A lemure (D:4)
  Crazy Yiuf (D:3)
  Jessica (D:2)
  Natasha (thrice) (D:2)
  Terence (D:3)
  An orc wizard (D:3)
  2 adders
  4 dart slugs
  5 orcs (D:3)
  5 ball pythons
  3 bats (D:1)
  4 endoplasms
  4 giant cockroaches
  3 goblins (D:2)
  7 hobgoblins
  A frilled lizard (D:1)
  11 kobolds
  4 rats (D:1)
63 creatures vanquished.

Notes
Turn   | Place    | Note
-------+----------+-------------------------------------------
     0 | D:1      | croobank the Gnoll Reaver began the quest for the Orb.
     0 | D:1      | Reached XP level 1. HP: 20/20 MP: 6/6
    30 | D:1      | Reached XP level 2. HP: 22/26 MP: 7/7
   225 | D:1      | Reached XP level 3. HP: 31/31 MP: 9/9
   234 | D:1      | Reached skill level 5 in Spellcasting
   496 | D:2      | Found a glowing silver altar of Zin.
   552 | D:2      | Noticed Jessica
   561 | D:2      | Killed Jessica
   562 | D:2      | Reached skill level 1 in Short Blades
   562 | D:2      | Reached skill level 1 in Long Blades
   562 | D:2      | Reached skill level 1 in Axes
   562 | D:2      | Reached skill level 1 in Maces & Flails
   562 | D:2      | Reached skill level 1 in Staves
   562 | D:2      | Reached skill level 1 in Ranged Weapons
   562 | D:2      | Reached skill level 1 in Throwing
   562 | D:2      | Reached skill level 1 in Armour
   562 | D:2      | Reached skill level 1 in Stealth
   562 | D:2      | Reached skill level 1 in Shields
   562 | D:2      | Reached skill level 1 in Unarmed Combat
   562 | D:2      | Reached skill level 1 in Invocations
   562 | D:2      | Reached skill level 1 in Evocations
   562 | D:2      | Reached skill level 1 in Shapeshifting
   562 | D:2      | Reached XP level 4. HP: 35/38 MP: 11/11
   657 | D:2      | Noticed Natasha
   663 | D:2      | Killed Natasha
   664 | D:2      | Reached skill level 1 in Hexes
   664 | D:2      | Reached skill level 1 in Summonings
   664 | D:2      | Reached skill level 1 in Necromancy
   664 | D:2      | Reached skill level 1 in Translocations
   664 | D:2      | Reached skill level 1 in Transmutations
   664 | D:2      | Reached skill level 1 in Fire Magic
   664 | D:2      | Reached skill level 1 in Ice Magic
   664 | D:2      | Reached skill level 1 in Air Magic
   664 | D:2      | Reached skill level 1 in Earth Magic
   664 | D:2      | Reached skill level 1 in Poison Magic
   679 | D:2      | Noticed Natasha
   706 | D:2      | Killed Natasha
   707 | D:2      | Reached XP level 5. HP: 12/41 MP: 12/12
   973 | D:2      | Found Xeveti's Magic Scroll Boutique.
   980 | D:2      | Bought a scroll of identify for 28 gold pieces
   980 | D:2      | Bought a scroll of identify for 28 gold pieces
  1371 | D:2      | Noticed Natasha
  1386 | D:2      | Killed Natasha
  1631 | D:3      | Learned a level 1 spell: Slow
  1662 | D:3      | Found a runed translucent gate.
  1662 | D:3      | Found a runed translucent gate.
  1662 | D:3      | Found a runed translucent gate.
  1666 | D:3      | Noticed pigah's ghost (novice OpSh)
  1666 | D:3      | Noticed wildpjah's ghost (weakling HOFi)
  1726 | D:3      | Found the +8 lance "Wyrmbane" {slay drac, rPois rF+ rC+
                  | AC+3}
  1807 | D:3      | Noticed Terence
  1814 | D:3      | Killed Terence
  2382 | D:3      | Reached XP level 6. HP: 44/50 MP: 13/13
  2462 | D:3      | Found a runed translucent door.
  2463 | D:3      | Noticed Crazy Yiuf
  2571 | D:3      | Killed Crazy Yiuf
  2745 | D:4      | Noticed an ice beast
  2752 | D:4      | Killed an ice beast
  2753 | D:4      | Reached skill level 5 in Fighting
  2753 | D:4      | Reached skill level 5 in Dodging
  2796 | D:4      | Noticed Pikel
  2805 | D:4      | Noticed Ijyb
  2822 | D:4      | Killed Pikel
  2823 | D:4      | Reached skill level 7 in Polearms
  2823 | D:4      | Reached XP level 7. HP: 10/56 MP: 15/15
  2830 | D:4      | Killed from afar by Ijyb

Illustrated notes

Levels and vault maps discovered:
D:1:      eino_arrival_tree_alley, layout_rooms
D:2:      layout_loops_cross, serial_shops, shop, basic_altar, uniq_jessica,
          uniq_natasha
D:3:      layout_loops_ring, gammafunk_ghost_cemetery, uniq_terence,
          uniq_crazy_yiuf_cottage
D:4:      cheibrodos_old_hovel, layout_basic, minmay_misc_feat_enclosed,
          uniq_ijyb, uniq_duvessa, uniq_pikel

Skill      XL: |  1  2  3  4  5  6 |
---------------+-------------------+-----
Spellcasting   | 5 |  5.8
Short Blades   | 1 2 |  2.9
Long Blades    | 1 2 |  2.9
Axes           | 1 2 |  2.9
Maces & Flails | 1 2 |  2.9
Staves         | 1 2 |  2.9
Ranged Weapons | 1 2 |  2.9
Throwing       | 1 2 |  2.9
Armour         | 1 2 |  2.9
Stealth        | 1 2 |  2.9
Shields        | 1 2 |  2.9
Unarmed Combat | 1 2 |  2.9
Invocations    | 1 2 3 |  3.2
Evocations     | 1 2 |  2.9
Shapeshifting  | 1 2 |  2.6
Hexes          | 1 2 |  2.3
Summonings     | 1 2 |  2.3
Necromancy     | 1 2 |  2.3
Translocations | 1 2 |  2.3
Transmutations | 1 2 |  2.3
Fire Magic     | 1 2 |  2.3
Ice Magic      | 1 2 |  2.3
Air Magic      | 1 2 |  2.3
Earth Magic    | 1 2 |  2.3
Poison Magic   | 1 2 |  2.3
Fighting       | 5 |  5.4
Dodging        | 5 |  5.4
Polearms       | 7 |  7.2
Conjurations   | 6 |  6.0

Action                     |  1- 3 |  4- 6 |  7- 9 || total
---------------------------+-------+-------+-------++-------
  Melee: Spear             |    91 |    95 |       ||   186
         Bite              |     6 |    15 |       ||    21
         Lance             |       |    56 |     7 ||    63
         Punch             |       |     1 |       ||     1
  Throw: Javelin           |       |       |     1 ||     1
   Cast: Kiss of Death     |       |     1 |       ||     1
    Use: Scroll            |       |     5 |       ||     5
         Potion            |       |     3 |       ||     3
   Stab: Sleeping          |     1 |     3 |       ||     4
         Invisible         |       |     3 |     1 ||     4
 Armour: Leather armour    |    31 |    59 |       ||    90
         Skin              |       |    15 |     2 ||    17
  Dodge: Dodged            |    37 |    48 |       ||    85
   Form: Beast             |       |     1 |       ||     1

Table legend: (Time is in decaauts)
 A = Elapsed time spent in this place.
 B = Non-inter-level travel time spent in this place.
 C = Inter-level travel time spent in this place.
 D = Time resting spent in this place.
 E = Time spent auto-exploring this place.
 F = Levels seen in this place.
 G = Mean time per level.
                   A        B        C        D        E       F      G
               +--------+--------+--------+--------+--------+-----+--------+
         Total |   2768 |   2664 |    104 |    635 |   1547 |   4 |  692.0 |
       Dungeon |   2768 |   2664 |    104 |    635 |   1547 |   4 |  692.0 |
               +--------+--------+--------+--------+--------+-----+--------+

Top non-repeatable levels by time:
     D:3: 1271 daAuts
     D:2: 989 daAuts
     D:1: 421 daAuts
     D:4: 86 daAuts
